TOP OF THE 1ST |
San Francisco Giants batting - Pitching for Arizona Diamondbacks : RHP Jhoulys Chacin
|
Pitching: RHP Jhoulys Chacin
|
|
Batting: RHB Austin Jackson
|
0-0: Ball 1-0: Swinging Strike 1-1: Ball 2-1: Swinging Strike 2-2: Foul Ball, location: 2F 2-2: Fly out, F7 (Flyball, 7)
|
Batting: RHB Dustin Pedroia
|
0-0: Ball 1-0: SINGLE (Groundball, 34D)
|
Batting: LHB Anthony Rizzo
|
0-0: Ball 1-0: SINGLE (Flyball, 89M) Dustin Pedroia to second
|
Batting: LHB Kyle Seager
|
0-0: Called Strike 0-1: Swinging Strike 0-2: Ball 1-2: Foul Ball, location: 2F 1-2: Strikes out swinging
|
Batting: LHB Kyle Schwarber
|
0-0: Called Strike 0-1: Called Strike 0-2: Foul Ball, location: 2F 0-2: Fly out, F8 (Flyball, 8RM)
|
Top of the 1st over - 0 runs, 2 hits, 0 errors, 2 left on base; San Francisco 0 - Arizona 0 |
BOTTOM OF THE 1ST |
Arizona Diamondbacks batting - Pitching for San Francisco Giants : RHP Alex Cobb
|
Pitching: RHP Alex Cobb
|
|
Batting: SHB Ketel Marte
|
0-0: Called Strike 0-1: Ball 1-1: Bunted foul 1-2: Foul Ball, location: 2F 1-2: Ground out 4-3 (Groundball, 4M)
|
Batting: LHB Odubel Herrera
|
0-0: Ball 1-0: Foul Ball, location: 2F 1-1: SINGLE (Groundball, 4) (infield hit)
|
Batting: LHB Josh Reddick
|
0-0: Called Strike 0-1: Ball 1-1: Ground out 4-3 (Groundball, 34D) Odubel Herrera to second
|
Batting: RHB Nolan Arenado
|
0-0: Ball 1-0: Ball 2-0: Ball 3-0: Base on Balls
|
Batting: LHB Ryan McMahon
|
0-0: Ground out 6-3 (Groundball, 6S)
|
Bottom of the 1st over - 0 runs, 1 hit, 0 errors, 2 left on base; San Francisco 0 - Arizona 0 |
TOP OF THE 2ND |
San Francisco Giants batting - Pitching for Arizona Diamondbacks : RHP Jhoulys Chacin
|
Batting: LHB Corey Dickerson
|
0-0: Ball 1-0: Ground out 4-3 (Groundball, 4M)
|
Batting: LHB Tyler Naquin
|
0-0: Fly out, F7 (Flyball, 78D)
|
Batting: RHB Tim Anderson
|
0-0: Ball 1-0: Ball 2-0: Ground out 1-3 (Groundball, 25)
|
Top of the 2nd over - 0 runs, 0 hits, 0 errors, 0 left on base; San Francisco 0 - Arizona 0 |
BOTTOM OF THE 2ND |
Arizona Diamondbacks batting - Pitching for San Francisco Giants : RHP Alex Cobb
|
Batting: SHB Ben Zobrist
|
0-0: Ball 1-0: Ball 2-0: Foul Ball, location: 2F 2-1: Foul Ball, location: 2F 2-2: Strikes out looking
|
Batting: SHB Jed Lowrie
|
0-0: Ball 1-0: Ball 2-0: Called Strike 2-1: Ball 3-1: SINGLE (Groundball, 4MS) (infield hit)
|
Batting: RHB Brian Serven
|
0-0: Fly out, F8 (Flyball, 8LM)
|
Batting: RHB Jhoulys Chacin
|
0-0: Ground out 4-3 (Groundball, 4)
|
Bottom of the 2nd over - 0 runs, 1 hit, 0 errors, 1 left on base; San Francisco 0 - Arizona 0 |
TOP OF THE 3RD |
San Francisco Giants batting - Pitching for Arizona Diamondbacks : RHP Jhoulys Chacin
|
Batting: RHB Alex Cobb
|
0-0: Ball 1-0: Ground out 5-3 (Groundball, 56S)
|
Batting: RHB Austin Jackson
|
0-0: Ground out 6-3 (Groundball, 6)
|
Batting: RHB Dustin Pedroia
|
0-0: Foul Ball, location: 2F 0-1: Ball 1-1: Ball 2-1: Ball 3-1: Foul Ball, location: 2F 3-2: Fly out, F8 (Line Drive, 8LD)
|
Top of the 3rd over - 0 runs, 0 hits, 0 errors, 0 left on base; San Francisco 0 - Arizona 0 |
BOTTOM OF THE 3RD |
Arizona Diamondbacks batting - Pitching for San Francisco Giants : RHP Alex Cobb
|
Batting: SHB Ketel Marte
|
0-0: Called Strike 0-1: Fly out, F7 (Flyball, 78S)
|
Batting: LHB Odubel Herrera
|
0-0: Foul Ball, location: 2F 0-1: Ball 1-1: Ground out 6-3 (Groundball, 6M)
|
Batting: LHB Josh Reddick
|
0-0: Fly out, F7 (Line Drive, 7)
|
Bottom of the 3rd over - 0 runs, 0 hits, 0 errors, 0 left on base; San Francisco 0 - Arizona 0 |
TOP OF THE 4TH |
San Francisco Giants batting - Pitching for Arizona Diamondbacks : RHP Jhoulys Chacin
|
Batting: LHB Anthony Rizzo
|
0-0: Called Strike 0-1: Foul Ball, location: 2F 0-2: Ball 1-2: Ground out 4-3 (Groundball, 34)
|
Batting: LHB Kyle Seager
|
0-0: Ball 1-0: Foul Ball, location: 2F 1-1: Ball 2-1: Fly out, F9 (Flyball, 9LM)
|
Batting: LHB Kyle Schwarber
|
0-0: Ball 1-0: Called Strike 1-1: Called Strike 1-2: Ball 2-2: Ball 3-2: Base on Balls
|
Batting: LHB Corey Dickerson
|
0-0: Called Strike 0-1: Foul Ball, location: 2F 0-2: Ball 1-2: Foul Ball, location: 2F 1-2: Foul Ball, location: 2F 1-2: Foul Ball, location: 2F 1-2: Ball 2-2: Strikes out swinging
|
Top of the 4th over - 0 runs, 0 hits, 0 errors, 1 left on base; San Francisco 0 - Arizona 0 |
BOTTOM OF THE 4TH |
Arizona Diamondbacks batting - Pitching for San Francisco Giants : RHP Alex Cobb
|
Batting: RHB Nolan Arenado
|
0-0: Foul Ball, location: 2F 0-1: Called Strike 0-2: Foul Ball, location: 2F 0-2: Foul Ball, location: 2F 0-2: Ground out 5-3 (Groundball, 56)
|
Batting: LHB Ryan McMahon
|
0-0: Called Strike 0-1: Ball 1-1: Ball 2-1: Swinging Strike 2-2: Foul Ball, location: 2F 2-2: Ground out U3 (Groundball, 3)
|
Batting: SHB Ben Zobrist
|
0-0: Ball 1-0: Ball 2-0: Called Strike 2-1: Called Strike 2-2: Foul Ball, location: 2F 2-2: Ball 3-2: SINGLE (Groundball, P) (infield hit)
|
Batting: SHB Jed Lowrie
|
0-0: Ball 1-0: 2-RUN HOME RUN (Flyball, 89XD), Distance : 411 ft
|
Batting: RHB Brian Serven
|
0-0: Ball 1-0: Ball 2-0: Called Strike 2-1: Ball 3-1: Base on Balls
|
Batting: RHB Jhoulys Chacin
|
0-0: Ball 1-0: Fly out, F8 (Line Drive, 8LD)
|
Bottom of the 4th over - 2 runs, 2 hits, 0 errors, 1 left on base; San Francisco 0 - Arizona 2 |
TOP OF THE 5TH |
San Francisco Giants batting - Pitching for Arizona Diamondbacks : RHP Jhoulys Chacin
|
Batting: LHB Tyler Naquin
|
0-0: Called Strike 0-1: Called Strike 0-2: Foul Ball, location: 2F 0-2: Strikes out looking
|
Batting: RHB Tim Anderson
|
0-0: Foul Ball, location: 2F 0-1: Ball 1-1: Ground out 1-3 (Groundball, P)
|
Batting: RHB Alex Cobb
|
0-0: Called Strike 0-1: Ball 1-1: Ball 2-1: Foul Ball, location: 2F 2-2: Strikes out swinging
|
Top of the 5th over - 0 runs, 0 hits, 0 errors, 0 left on base; San Francisco 0 - Arizona 2 |
BOTTOM OF THE 5TH |
Arizona Diamondbacks batting - Pitching for San Francisco Giants : RHP Alex Cobb
|
Batting: SHB Ketel Marte
|
0-0: Ball 1-0: Ground out 6-3 (Groundball, 6)
|
Batting: LHB Odubel Herrera
|
0-0: Ground out 6-3 (Groundball, 6)
|
Batting: LHB Josh Reddick
|
0-0: Called Strike 0-1: Swinging Strike 0-2: SINGLE (Flyball, 9LS)
|
Batting: RHB Nolan Arenado
|
0-0: Ball Josh Reddick steals 2nd base 1-0: DOUBLE (Line Drive, 78M) Josh Reddick scores
|
Batting: LHB Ryan McMahon
|
0-0: Ball 1-0: Ball 2-0: SINGLE (Line Drive, 34D) Nolan Arenado to third Runner from 3rd tries for Home, SAFE, no throw by RF
|
Batting: SHB Ben Zobrist
|
0-0: 2-RUN HOME RUN (Line Drive, 9D), Distance : 387 ft
|
Batting: SHB Jed Lowrie
|
0-0: Ground out U3 (Groundball, 3L)
|
Bottom of the 5th over - 4 runs, 4 hits, 0 errors, 0 left on base; San Francisco 0 - Arizona 6 |
TOP OF THE 6TH |
San Francisco Giants batting - Pitching for Arizona Diamondbacks : RHP Jhoulys Chacin
|
Batting: RHB Austin Jackson
|
0-0: Ball 1-0: Swinging Strike 1-1: Fly out, F8 (Flyball, 8LS)
|
Batting: RHB Dustin Pedroia
|
0-0: Ball 1-0: DOUBLE (Line Drive, 78D)
|
Batting: LHB Anthony Rizzo
|
0-0: Called Strike 0-1: SINGLE (Flyball, 78M) Dustin Pedroia to third
|
Batting: LHB Kyle Seager
|
0-0: Grounds out, U3 (Groundball, 3L) Dustin Pedroia scores
|
Batting: LHB Kyle Schwarber
|
0-0: Foul Ball, location: 2F 0-1: Ball 1-1: Foul Ball, location: 2F 1-2: Ball 2-2: Ball 3-2: Foul Ball, location: 2F 3-2: Base on Balls
|
Batting: LHB Corey Dickerson
|
0-0: Fly out, F8 (Flyball, 8RD)
|
Top of the 6th over - 1 run, 2 hits, 0 errors, 2 left on base; San Francisco 1 - Arizona 6 |
BOTTOM OF THE 6TH |
Arizona Diamondbacks batting - Pitching for San Francisco Giants : RHP Alex Cobb
|
Pitching: RHP Chris Hatcher
|
|
Batting: RHB Brian Serven
|
0-0: Ground out 5-3 (Groundball, 5S)
|
Pinch Hitting: RHB Tim Beckham
|
0-0: Ball 1-0: SINGLE (Groundball, 56D)
|
Batting: SHB Ketel Marte
|
0-0: Foul Ball, location: 2F 0-1: Foul Ball, location: 2F 0-2: Grounds into double play, 4-6-3 (Groundball, 4)
|
Bottom of the 6th over - 0 runs, 1 hit, 0 errors, 0 left on base; San Francisco 1 - Arizona 6 |
TOP OF THE 7TH |
San Francisco Giants batting - Pitching for Arizona Diamondbacks : RHP Jhoulys Chacin
|
Pitching: LHP Joe Thatcher
|
|
Batting: LHB Tyler Naquin
|
0-0: Ball 1-0: Ball 2-0: Called Strike 2-1: Foul Ball, location: 2F 2-2: Strikes out swinging
|
Batting: RHB Tim Anderson
|
0-0: Ball 1-0: Swinging Strike 1-1: Swinging Strike 1-2: Strikes out swinging
|
Pinch Hitting: RHB Alcides Escobar
|
0-0: Ground out 5-3 (Groundball, 56)
|
Top of the 7th over - 0 runs, 0 hits, 0 errors, 0 left on base; San Francisco 1 - Arizona 6 |
BOTTOM OF THE 7TH |
Arizona Diamondbacks batting - Pitching for San Francisco Giants : RHP Chris Hatcher
|
Pitching: RHP Joe Biagini
|
|
Batting: LHB Odubel Herrera
|
0-0: Ground out 1-3 (Groundball, 23)
|
Batting: LHB Josh Reddick
|
0-0: Ball 1-0: Ball 2-0: SINGLE (Groundball, 34D)
|
Batting: RHB Nolan Arenado
|
0-0: Ball 1-0: Ball 2-0: Called Strike 2-1: Swinging Strike 2-2: DOUBLE (Line Drive, 7LM) Josh Reddick to third
|
Batting: LHB Ryan McMahon
|
0-0: Ball 1-0: Fly out, F6 (Popup, 6M)
|
Batting: SHB Ben Zobrist
|
0-0: Ground out 6-3 (Groundball, 4M)
|
Bottom of the 7th over - 0 runs, 2 hits, 0 errors, 2 left on base; San Francisco 1 - Arizona 6 |
TOP OF THE 8TH |
San Francisco Giants batting - Pitching for Arizona Diamondbacks : LHP Joe Thatcher
|
Batting: RHB Austin Jackson
|
0-0: Ball 1-0: DOUBLE (Groundball, 5L)
|
Batting: RHB Dustin Pedroia
|
0-0: Ball 1-0: Called Strike 1-1: Ground out 5-3 (Groundball, 5S)
|
Pitching: LHP Dan Jennings
|
|
Batting: LHB Anthony Rizzo
|
0-0: DOUBLE (Line Drive, 9LM) Austin Jackson scores
|
Batting: LHB Kyle Seager
|
0-0: Ball 1-0: Ball 2-0: Called Strike 2-1: Ball 3-1: Ground out U3 (Groundball, 3) Anthony Rizzo to third
|
Batting: LHB Kyle Schwarber
|
0-0: Swinging Strike 0-1: Ball 1-1: Called Strike 1-2: Ball 2-2: Ball 3-2: Base on Balls
|
Batting: LHB Corey Dickerson
|
0-0: 3-RUN HOME RUN (Flyball, 7D), Distance : 371 ft
|
Pitching: RHP Riley Ferrell
|
|
Batting: LHB Tyler Naquin
|
0-0: Called Strike 0-1: Swinging Strike 0-2: Ground out 4-3 (Groundball, 4S)
|
Top of the 8th over - 4 runs, 3 hits, 0 errors, 0 left on base; San Francisco 5 - Arizona 6 |
BOTTOM OF THE 8TH |
Arizona Diamondbacks batting - Pitching for San Francisco Giants : RHP Joe Biagini
|
Pitching: RHP Brad Boxberger
|
|
Now in RF: Nelson Cruz
|
|
Batting: SHB Jed Lowrie
|
0-0: Ball 1-0: Ball 2-0: Fly out, F7 (Line Drive, 7)
|
Batting: RHB Brian Serven
|
0-0: Called Strike 0-1: Ground out 4-3 (Groundball, 4)
|
Pinch Hitting: RHB Monte Harrison
|
0-0: Called Strike 0-1: Foul Ball, location: 2F 0-2: Ball 1-2: Strikes out swinging
|
Bottom of the 8th over - 0 runs, 0 hits, 0 errors, 0 left on base; San Francisco 5 - Arizona 6 |
TOP OF THE 9TH |
San Francisco Giants batting - Pitching for Arizona Diamondbacks : RHP Riley Ferrell
|
Pitching: RHP Shawn Armstrong
|
|
Batting: RHB Tim Anderson
|
0-0: Ball 1-0: Called Strike 1-1: Swinging Strike 1-2: Strikes out looking
|
Batting: RHB Nelson Cruz
|
0-0: Foul Ball, location: 2F 0-1: Called Strike 0-2: Ball 1-2: Ball 2-2: Fly out, F8 (Flyball, 8RS)
|
Batting: RHB Austin Jackson
|
0-0: Ball 1-0: Foul Ball, location: 2F 1-1: Swinging Strike 1-2: Ball 2-2: DOUBLE (Line Drive, 89D)
|
Batting: RHB Dustin Pedroia
|
0-0: Called Strike 0-1: Foul Ball, location: 2F 0-2: Ground out 6-3 (Groundball, 6)
|
Top of the 9th over - 0 runs, 1 hit, 0 errors, 1 left on base; San Francisco 5 - Arizona 6 |
|